 Dungeon Crawl Stone Soup version 0.28.0-47-ge53b351184 (webtiles) character file.

Game seed: 14426250030784056800

4756 101zpm the Spear-Bearer (level 10, 0/64 HPs)
             Began as a Gargoyle Fighter on Apr 27, 2022.
             Was a Priest of the Shining One.
             Slain by a warg (7 damage)
             ... on level 11 of the Dungeon.
             The game lasted 00:13:05 (8640 turns).

101zpm the Spear-Bearer (Gargoyle Fighter)          Turns: 8640, Time: 00:13:05

Health: 0/64       AC: 15    Str: 24    XL:     10   Next: 46%
Magic:  10/10      EV: 10    Int: 15    God:    the Shining One [***...]
Gold:   463        SH:  6    Dex:  9    Spells: 9/9 levels left

rFire   . . .      SeeInvis +   h - +9 spear "Kitsen" {holy, *Corrode Int+6 SInv}
rCold   . . .      Faith    .   c - +1 buckler
rNeg    + + .      Spirit   .   b - +0 scale mail
rPois   ∞          Reflect  .   (no helmet)
rElec   +          Harm     .   (no cloak)
rCorr   .          Rampage  .   (no gloves)
Will    .....                   (no boots)
Stlth   ..........              q - amulet of the acrobat
HPRegen 0.20/turn               (no ring)
MPRegen 0.12/turn               (no ring)

@: glowing
A: sickness immunity, AC +7, negative energy resistance 1, electricity
resistance, torment resistance 1, petrification resistance
a: Renounce Religion, Divine Shield, Cleansing Flame


You were on level 11 of the Dungeon.
You worshipped the Shining One.
The Shining One was most pleased with you.
You visited 2 branches of the dungeon, and saw 12 of its levels.

You collected 463 gold pieces.

Inventory:

Hand Weapons
 h - the +9 spear "Kitsen" (weapon) {holy, *Corrode Int+6 SInv}
   (You found it on level 2 of the Dungeon)

   It has been blessed by the Shining One to cause great damage to the undead
   and demons.
   Int:       It affects your intelligence (+6).
   SInv:      It lets you see invisible.
   *Corrode:  It may corrode you when you take damage.
 w - a +2 flail of protection
 D - a +5 battleaxe
Armour
 b - a +0 scale mail (worn)
 c - a +1 buckler (worn)
 y - +0 steam dragon scales
Magical Staves
 B - a staff of air
Jewellery
 q - an amulet of the acrobat (around neck)
 F - a ring of willpower
Wands
 G - a wand of digging (6)
Scrolls
 a - a scroll of fog {unknown}
 e - 2 scrolls of enchant armour
 f - 2 scrolls of torment {unknown}
 j - 2 scrolls of fear {unknown}
 k - 2 scrolls of enchant weapon {unknown}
 l - a scroll of summoning {unknown}
 m - 2 scrolls of vulnerability {unknown}
 p - 4 scrolls of amnesia {unknown}
 r - 7 scrolls of identify {unknown}
 s - 2 scrolls of teleportation {unknown}
 u - 2 scrolls of immolation {unknown}
 v - a scroll of holy word {unknown}
 z - a scroll of magic mapping {unknown}
 H - a scroll of brand weapon {unknown}
 I - a scroll of noise {unknown}
Potions
 d - a potion of might
 g - a potion of heal wounds {unknown}
 i - 4 potions of lignification {unknown}
 n - 2 potions of curing {unknown}
 o - a potion of resistance {unknown}
 t - 3 potions of degeneration {unknown}
 x - 2 potions of berserk rage {unknown}
 A - a potion of haste {unknown}
 C - 2 potions of magic {unknown}
 E - a potion of brilliance {unknown}


   Skills:
 + Level 7.7 Fighting
 + Level 2.5 Maces & Flails
 + Level 9.2 Polearms
 + Level 7.7 Armour
 + Level 3.0 Dodging
 + Level 1.9 Stealth
 + Level 6.2 Shields


You had 9 spell levels left.
You didn't know any spells.
Your spell library contained the following spells:

 Spells                   Type           Power      Damage    Failure   Level
 Magic Dart               Conj           0%         1d3       58%         1
 Sandblast                Erth           0%         2d4       58%         1
 Sting                    Tmut/Pois      0%         1d3       58%         1
 Passwall                 Tmut/Erth      0%         N/A       75%         2
 Poisonous Vapours        Pois/Air       0%         N/A       75%         2
 Searing Ray              Conj           0%         2d4       75%         2
 Ignite Poison            Fire/Tmut/Pois 0%         N/A       92%         3
 Mephitic Cloud           Conj/Pois/Air  0%         N/A       92%         3
 Stone Arrow              Conj/Erth      0%         3d7       92%         3
 Fulminant Prism          Conj/Hex       0%         3d6       100%        4
 Iskenderun's Mystic Bla  Conj/Tloc      0%         2d3       100%        4
 Olgreb's Toxic Radiance  Pois           0%         N/A       100%        4
 Freezing Cloud           Conj/Ice/Air   0%         6-21      100%        5
 Lee's Rapid Deconstruct  Erth           0%         3d5*      100%        5


Dungeon Overview and Level Annotations

Branches:
Dungeon (11/15)            Temple (1/1) D:5            Lair (0/6) D:10
    Orc: D:9-12

Altars:
Ashenzari
Cheibriados
Dithmenos
Elyvilon
Fedhas
Gozag
Hepliaklqana
Kikubaaqudgha
Makhleb
Nemelex Xobeh
Okawaru
Qazlal
Ru
Sif Muna
Trog
Uskayaw
Vehumet
Wu Jian
Xom
Yredelemnul
The Shining One
Beogh

Shops:
D:7 (

Annotations:
D:2 1 runed translucent door, Crazy Yiuf
D:5 3 runed translucent doors, Silk's ghost, novice BaSu
D:10 Fannar


Innate Abilities, Weirdness & Mutations

You are immune to sickness and miasma.
Your stone body is resilient. (AC +7)
You are immune to poison.
You resist negative energy. (rN+)
You are resistant to electric shocks. (rElec)
You are resistant to unholy torment.
You are immune to petrification.


Message History

Found 18 gold pieces.
Found a stone staircase leading down.
Found 18 gold pieces.
The warg bites you but does no damage.
Found 18 stones.
The warg bites you.
* * * LOW HITPOINT WARNING * * *
Fannar says, "An icy embrace awaits you..."
Fannar mumbles some strange words.
The warg completely misses you. You block the warg's attack.
The warg bites you but does no damage.
The orc priest invokes the aid of Beogh against you.
Beogh smites you!
* * * LOW HITPOINT WARNING * * *
The warg bites you.
* * * LOW HITPOINT WARNING * * *
The warg closely misses you. You block the warg's attack.
The warg closely misses you. The warg bites you but does no damage.
The warg misses you. The warg misses you.
Okay, then.
You see here 12 stones.
The warg bites you but does no damage. The warg closely misses you.
You block the warg's attack. The warg bites you.
* * * LOW HITPOINT WARNING * * *
The warg stops to sniff the ground.
The warg closely misses you. The warg bites you but does no damage.
The warg misses you.
There is a stone staircase leading down here.
The warg barely misses you.
You climb downwards.
Found 2 fizzy clear potions.
There is a stone staircase leading up here.
You hit the warg.
The warg is lightly wounded.
The warg bites you!
You die...

####+#####
#.........
#.........
#.........
#.......!.
#.@.......
#..h......
#.........
#######+##


You could see a warg.

Vanquished Creatures
  A komodo dragon (D:8)
  A troll (D:10)
  A wyvern (D:9)
  A wraith (D:10)
  2 humans (D:10)
  2 steam dragons (D:6)
  4 black bears
  3 orc warriors
  An ice beast (D:5)
  A necrophage (D:5)
  2 centaurs
  Blork the orc (D:6)
  A kobold brigand (D:8)
  A gnoll sergeant (D:9)
  4 scorpions
  19 killer bees
  9 wights
  3 howler monkeys (D:9)
  5 centaur zombies
  3 hounds
  An orc priest (D:5)
  A bullfrog skeleton (D:7)
  A centaur skeleton (D:4)
  Jessica (D:2)
  4 iguanas
  3 orc wizards
  2 howler monkey zombies
  6 adders
  2 howler monkey skeletons
  2 shadow imps
  An ufetubus (D:7)
  4 dart slugs
  15 orcs
  3 bats
  5 endoplasms
  A giant cockroach (D:2)
  5 goblins
  5 hobgoblins
  14 kobolds
  A quokka (D:1)
  12 ball pythons
  11 frilled lizards
  3 rats
168 creatures vanquished.

Vanquished Creatures (others)
  8 plants (D:8)
8 creatures vanquished.

Grand Total: 176 creatures vanquished

Notes
Turn   | Place    | Note
-------+----------+-------------------------------------------
     0 | D:1      | 101zpm the Gargoyle Fighter began the quest for the Orb.
     0 | D:1      | Reached XP level 1. HP: 14/14 MP: 1/1
   225 | D:2      | Noticed Jessica
   228 | D:2      | Killed Jessica
   229 | D:2      | Reached XP level 2. HP: 19/20 MP: 2/2
   229 | D:2      | Reached XP level 3. HP: 23/24 MP: 3/3
   267 | D:2      | Identified the +9 spear "Kitsen" {holy, *Corrode Int+6
                  | SInv}
   736 | D:2      | Reached XP level 4. HP: 29/29 MP: 4/4
   904 | D:2      | Found a runed translucent door.
   905 | D:2      | Noticed Crazy Yiuf
  2062 | D:3      | Found a glowing golden altar of the Shining One.
  2303 | D:3      | Reached XP level 5. HP: 32/33 MP: 5/5
  2318 | D:3      | Reached skill level 1 in Polearms
  2323 | D:3      | Found a faded altar of an unknown god.
  2503 | D:3      | Became a worshipper of the Shining One
  3090 | D:4      | Reached skill level 2 in Polearms
  3090 | D:4      | Reached XP level 6. HP: 39/39 MP: 6/6
  3263 | D:5      | Entered Level 5 of the Dungeon
  3362 | D:5      | Noticed a black bear
  3372 | D:5      | Killed a black bear
  3373 | D:5      | Reached skill level 3 in Polearms
  3373 | D:5      | Reached skill level 1 in Dodging
  3377 | D:5      | Reached skill level 5 in Armour
  3377 | D:5      | Reached XP level 7. HP: 20/44 MP: 7/7
  3642 | D:5      | Found a staircase to the Ecumenical Temple.
  3651 | Temple   | Entered the Ecumenical Temple
  3906 | D:5      | Reached skill level 1 in Stealth
  4017 | D:5      | Reached skill level 4 in Polearms
  4025 | D:5      | Reached skill level 5 in Fighting
  4128 | D:5      | Found a runed translucent gate.
  4128 | D:5      | Found a runed translucent gate.
  4128 | D:5      | Found a runed translucent gate.
  4132 | D:5      | Identified the +3 whip of Uriacu {protect, rF+ Will+ Str+4}
  4135 | D:5      | Noticed Silk's ghost (novice BaSu)
  4185 | D:5      | Reached XP level 8. HP: 49/49 MP: 8/8
  4436 | D:6      | Reached skill level 5 in Polearms
  4777 | D:6      | Noticed Blork the orc
  4785 | D:6      | Killed Blork the orc
  5621 | D:7      | Reached * piety under the Shining One
  5630 | D:7      | Reached skill level 6 in Polearms
  5928 | D:7      | Reached XP level 9. HP: 55/55 MP: 9/9
  6095 | D:7      | Found Suys's Weapon Boutique.
  6102 | D:7      | Found a stormy altar of Qazlal.
  6127 | D:7      | Reached skill level 7 in Polearms
  6639 | D:8      | Found a sparkling altar of Nemelex Xobeh.
  6743 | D:8      | Reached skill level 5 in Shields
  6824 | D:8      | Noticed a komodo dragon
  6836 | D:8      | Killed a komodo dragon
  6891 | D:8      | Reached ** piety under the Shining One
  7375 | D:9      | Reached skill level 8 in Polearms
  7411 | D:9      | Noticed a cyclops
  7640 | D:9      | Reached XP level 10. HP: 58/63 MP: 10/10
  7923 | D:10     | Entered Level 10 of the Dungeon
  8018 | D:10     | Found an iron altar of Okawaru.
  8291 | D:10     | Reached skill level 9 in Polearms
  8569 | D:10     | Reached *** piety under the Shining One
  8570 | D:10     | Noticed Fannar
  8571 | D:10     | Found a staircase to the Lair.
  8599 | D:10     | HP: 1/64 [warg (3)]
  8640 | D:11     | Slain by a warg

Illustrated notes

Levels and vault maps discovered:
D:1:      zaba_arrival_water, layout_basic
D:2:      layout_loops_corners, uniq_crazy_yiuf_cottage, uniq_jessica
D:3:      layout_loops_cross, lemuel_doored_altar,
          shapermc_ecumenical_altar_notcrosses
D:4:      layout_loops_ring
D:5:      layout_cave_pools, minmay_temple_entry_statues_fountains,
          biasface_ghost_orc_armoury
D:6:      layout_gridville, uniq_blork_the_orc
D:7:      layout_basic, nicolae_qazlal_scattered_showers, serial_shops,
          nicolae_shop_bloodbath_and_beyond
D:8:      layout_basic, mainiacjoe_overflow_surrounded_room, minmay_lizard_king
D:9:      minmay_the_grid_octo_2x2 [minmay_the_grid_octo_tetromino_candy,
          minmay_the_grid_octo_toaster, minmay_the_grid_octo_chip,
          minmay_the_grid_octo_prize_square_snowflake], layout_basic,
          zin_treasury
D:10:     minmay_gate_of_8, layout_irregular_city, okawaru_humans,
          erik_lair_orcish_takeover, orc_david_3, nicolae_trove_entry_isolated,
          uniq_fannar
D:11:     layout_roguey, gammafunk_ghost_ooze, led_xom_imps, uniq_grum
Temple:   minmay_temple_bridge_d

Skill      XL: |  1  2  3  4  5  6  7  8  9 10 |
---------------+-------------------------------+-----
Fighting       | 4 5 6 7 |  7.7
Armour         | 4 5 6 7 |  7.7
Polearms       | 2 3 4 6 8 9 |  9.2
Shields        | 4 5 6 |  6.2
Dodging        | 1 2 3 |  3.0
Stealth        | 1 |  1.9
Maces & Flails | |  2.5

Action                   |  1- 3 |  4- 6 |  7- 9 | 10-12 || total
-------------------------+-------+-------+-------+-------++-------
Melee: Flail             |    15 |       |       |       ||    15
       Spear             |    17 |   133 |   274 |   116 ||   540
  Use: Scroll            |       |       |     1 |       ||     1
Armor: Scale mail        |     4 |    33 |    85 |    49 ||   171
Dodge: Dodged            |     6 |    47 |    99 |    46 ||   198
Block: Buckler           |     6 |    22 |    60 |    34 ||   122
